[ PARTIDA AOE2 · #485592392 ]
UnrankedSarracenos vs Aztecs
[ ANÁLISIS DE REPETICIÓN · EXTRAÍDO DE LA PARTIDA GRABADA ]
Feudal
12:20
Castillos
19:24
Imperial
63:04
| APM promedio | 47.8 |
| APM pico | 87 |
| eAPM promedio | 30.5 |
| Aldeanos / militares | 363 / 223 |
Foco
⚔️ 31.3% · 🌾 68.7%
Skirmisher ×151 · Archer ×59 · Trade Cart ×14 · Mameluke ×5 · Mangonel ×5 · Fishing Ship ×4
Feudal
12:29
Castillos
16:04
Imperial
31:45
| APM promedio | 64.3 |
| APM pico | 110 |
| eAPM promedio | 47.3 |
| Aldeanos / militares | 299 / 848 |
Foco
⚔️ 60.4% · 🌾 39.6%
Fire Lancer ×292 · Scout Cavalry ×171 · Spearman ×170 · Chu Ko Nu ×149 · Iron Pagoda ×35 · Battering Ram ×18
Feudal
13:27
Castillos
16:57
Imperial
52:49
| APM promedio | 53.6 |
| APM pico | 107 |
| eAPM promedio | 34.9 |
| Aldeanos / militares | 269 / 316 |
Foco
⚔️ 34.4% · 🌾 65.6%
Skirmisher ×194 · Spearman ×41 · Trade Cart ×34 · Monk ×27 · Mangonel ×26 · Trebuchet (Packed) ×17
Feudal
13:40
Castillos
17:21
Imperial
31:02
| APM promedio | 53.5 |
| APM pico | 85 |
| eAPM promedio | 36.4 |
| Aldeanos / militares | 250 / 665 |
Foco
⚔️ 48.1% · 🌾 51.9%
Scout Cavalry ×313 · Knight ×165 · Battle Elephant ×84 · Trade Cart ×55 · Militia ×46 · Battering Ram ×32
Feudal
14:56
Castillos
21:06
Imperial
46:51
| APM promedio | 61.1 |
| APM pico | 107 |
| eAPM promedio | 39.0 |
| Aldeanos / militares | 270 / 215 |
Foco
⚔️ 52.3% · 🌾 47.7%
Cavalry Archer ×161 · Unknown (1263) ×90 · Scout Cavalry ×41 · Fishing Ship ×14 · Trebuchet (Packed) ×9 · Archer ×4
Feudal
12:52
Castillos
16:40
Imperial
46:28
| APM promedio | 49.6 |
| APM pico | 88 |
| eAPM promedio | 21.2 |
| Aldeanos / militares | 166 / 437 |
Foco
⚔️ 30.3% · 🌾 69.7%
Scout Cavalry ×291 · Cavalry Archer ×125 · Trebuchet (Packed) ×15 · Fishing Ship ×8 · Iron Pagoda ×4 · Scorpion ×2
Feudal
13:32
Castillos
17:20
Imperial
52:37
| APM promedio | 51.9 |
| APM pico | 94 |
| eAPM promedio | 25.5 |
| Aldeanos / militares | 168 / 330 |
Foco
⚔️ 36.5% · 🌾 63.5%
Spearman ×126 · Archer ×110 · Organ Gun ×49 · Skirmisher ×37 · Fishing Ship ×9 · Mangonel ×7
Feudal
12:50
Castillos
16:22
Imperial
38:41
| APM promedio | 60.0 |
| APM pico | 115 |
| eAPM promedio | 37.0 |
| Aldeanos / militares | 388 / 816 |
Foco
⚔️ 40.0% · 🌾 60.0%
Scout Cavalry ×342 · Skirmisher ×221 · Elephant Archer ×155 · Trade Cart ×78 · Shrivamsha Rider ×34 · Armored Elephant ×20
Mapa de la partida
Recursos iniciales + cada clic de construcción. Líneas = muros · curvas = relieve. ◆ oro · ⬟ piedra · ● bayas · ✦ reliquia · ◌ hueco del cierre
Tu base· Abierta — hueco de 15t
Base de TAG_Sitaux· Abierta — flanco sin cerrar
Base de 北顾· Abierta — hueco de 3t
Base de TL_Bad Koala· Abierta — flanco sin cerrar
Base de Shulk· Abierta — hueco de 1t
Base de brief· Abierta — hueco de 13t
Base de Niroxs· Abierta — flanco sin cerrar
Base de CC· Abierta — hueco de 4t
Terreno inicial suavizado · ◌ = hueco del cierre detectado · pasá el cursor para detalles
Inputs por minuto
— Tointoin - - TAG_Sitaux
Build order — Tointoin
Primeras 150 de 933 acciones detectadas
| 0:13 | Construir | Town Center |
| 0:37 | Construir | Dock |
| 0:41 | Construir | House |
| 0:56 | Construir | Palisade Wall |
| 2:29 | Crear | Villager (Male) |
| 2:29 | Crear | Villager (Male) |
| 2:29 | Crear | Villager (Male) |
| 2:45 | Crear | Villager (Male) |
| 3:33 | Crear | Fishing Ship |
| 3:51 | Crear | Villager (Male) |
| 3:52 | Investigar | Loom |
| 3:56 | Construir | House |
| 4:51 | Crear | Villager (Male) |
| 5:15 | Crear | Villager (Male) |
| 5:22 | Crear | Fishing Ship |
| 5:34 | Crear | Villager (Male) |
| 6:03 | Crear | Villager (Male) |
| 6:04 | Crear | Villager (Male) |
| 6:06 | Construir | House |
| 6:47 | Crear | Villager (Male) |
| 6:47 | Crear | Villager (Male) |
| 7:28 | Construir | House |
| 7:38 | Crear | Villager (Male) |
| 7:54 | Crear | Fishing Ship |
| 8:15 | Crear | Villager (Male) |
| 8:28 | Crear | Villager (Male) |
| 8:51 | Construir | Mining Camp |
| 8:58 | Crear | Fishing Ship |
| 9:07 | Crear | Villager (Male) |
| 9:27 | Construir | Lumber Camp |
| 9:39 | Crear | Villager (Male) |
| 9:58 | Construir | Mining Camp |
| 10:10 | Investigar | Feudal Age |
| 11:04 | Crear | Villager (Male) |
| 11:04 | Crear | Villager (Male) |
| 11:10 | Construir | Barracks |
| 11:46 | Construir | House |
| 12:20 | Edad | Edad Feudal |
| 12:23 | Construir | Archery Range |
| 12:36 | Construir | Mill |
| 12:40 | Investigar | Double-Bit Axe |
| 12:59 | Crear | Villager (Male) |
| 13:09 | Crear | Archer |
| 13:09 | Crear | Archer |
| 13:29 | Crear | Villager (Male) |
| 13:32 | Crear | Spearman |
| 13:39 | Crear | Villager (Male) |
| 13:42 | Construir | Market |
| 13:47 | Construir | House |
| 13:55 | Construir | House |
| 14:12 | Crear | Villager (Male) |
| 14:17 | Construir | Blacksmith |
| 14:47 | Crear | Villager (Male) |
| 14:47 | Crear | Villager (Male) |
| 15:08 | Investigar | Fletching |
| 15:15 | Crear | Archer |
| 15:15 | Crear | Archer |
| 15:29 | Crear | Spearman |
| 15:35 | Construir | Farm |
| 15:37 | Construir | Farm |
| 15:39 | Construir | Farm |
| 15:40 | Crear | Villager (Male) |
| 16:19 | Crear | Villager (Male) |
| 16:22 | Crear | Villager (Male) |
| 16:43 | Investigar | Castle Age |
| 16:43 | Investigar | Castle Age |
| 17:02 | Crear | Spearman |
| 17:03 | Crear | Archer |
| 17:04 | Crear | Villager (Male) |
| 17:05 | Construir | Archery Range |
| 17:21 | Construir | Farm |
| 17:23 | Construir | Farm |
| 17:37 | Construir | House |
| 17:44 | Construir | House |
| 17:47 | Crear | Archer |
| 18:07 | Crear | Villager (Male) |
| 18:15 | Crear | Archer |
| 18:28 | Crear | Archer |
| 18:28 | Crear | Archer |
| 18:31 | Construir | House |
| 18:31 | Construir | House |
| 19:06 | Crear | Villager (Male) |
| 19:06 | Crear | Villager (Male) |
| 19:08 | Crear | Archer |
| 19:08 | Crear | Archer |
| 19:11 | Construir | Farm |
| 19:24 | Edad | Edad de los Castillos |
| 19:26 | Investigar | Bodkin Arrow |
| 19:26 | Investigar | Bodkin Arrow |
| 19:27 | Investigar | Crossbowman (upgrade) |
| 19:27 | Investigar | Crossbowman (upgrade) |
| 19:35 | Construir | University |
| 19:37 | Crear | Villager (Male) |
| 19:49 | Construir | House |
| 19:52 | Construir | Palisade Wall |
| 19:58 | Crear | Archer |
| 19:59 | Crear | Archer |
| 19:59 | Crear | Villager (Male) |
| 20:14 | Crear | Archer |
| 20:24 | Construir | Palisade Wall |
| 20:26 | Construir | Palisade Gate |
| 20:33 | Crear | Villager (Male) |
| 20:33 | Crear | Villager (Male) |
| 20:35 | Crear | Archer |
| 21:02 | Crear | Villager (Male) |
| 21:02 | Crear | Villager (Male) |
| 21:04 | Crear | Archer |
| 21:04 | Crear | Archer |
| 21:04 | Crear | Archer |
| 21:07 | Crear | Archer |
| 21:35 | Crear | Archer |
| 21:35 | Crear | Archer |
| 21:57 | Investigar | Horse Collar |
| 21:58 | Investigar | Bow Saw |
| 22:17 | Construir | Farm |
| 22:30 | Crear | Archer |
| 22:30 | Crear | Archer |
| 22:30 | Crear | Archer |
| 22:31 | Crear | Archer |
| 22:31 | Crear | Villager (Male) |
| 22:31 | Crear | Villager (Male) |
| 22:54 | Crear | Villager (Male) |
| 22:55 | Crear | Archer |
| 22:55 | Crear | Archer |
| 23:02 | Construir | Town Center |
| 23:36 | Crear | Villager (Male) |
| 23:37 | Crear | Villager (Male) |
| 23:44 | Crear | Archer |
| 23:44 | Crear | Archer |
| 24:08 | Crear | Archer |
| 24:08 | Crear | Archer |
| 24:08 | Crear | Archer |
| 24:10 | Investigar | Ballistics |
| 24:28 | Crear | Archer |
| 24:28 | Crear | Archer |
| 24:34 | Construir | Farm |
| 24:41 | Crear | Villager (Male) |
| 24:41 | Crear | Villager (Male) |
| 24:41 | Crear | Villager (Male) |
| 24:41 | Crear | Villager (Male) |
| 24:48 | Construir | House |
| 24:53 | Crear | Archer |
| 24:59 | Construir | House |
| 25:17 | Construir | House |
| 25:19 | Crear | Villager (Male) |
| 25:19 | Crear | Villager (Male) |
| 25:30 | Crear | Archer |
| 25:31 | Crear | Archer |
| 25:42 | Investigar | Padded Archer Armor |
| 25:47 | Construir | Farm |
Build order — TAG_Sitaux
Primeras 150 de 1480 acciones detectadas
| 0:12 | Construir | Town Center |
| 0:49 | Construir | Dock |
| 2:32 | Investigar | Loom |
| 2:57 | Crear | Villager (Male) |
| 3:20 | Crear | Villager (Male) |
| 3:46 | Crear | Villager (Male) |
| 3:46 | Crear | Villager (Male) |
| 4:10 | Crear | Villager (Male) |
| 4:24 | Crear | Fishing Ship |
| 4:24 | Crear | Fishing Ship |
| 4:37 | Crear | Villager (Male) |
| 4:42 | Construir | House |
| 5:00 | Crear | Villager (Male) |
| 5:23 | Crear | Villager (Male) |
| 5:35 | Crear | Fishing Ship |
| 5:46 | Crear | Villager (Male) |
| 6:04 | Crear | Fishing Ship |
| 6:14 | Crear | Villager (Male) |
| 6:25 | Construir | House |
| 6:42 | Crear | Villager (Male) |
| 6:45 | Crear | Fishing Ship |
| 7:09 | Crear | Villager (Male) |
| 7:18 | Crear | Fishing Ship |
| 7:37 | Crear | Villager (Male) |
| 7:58 | Crear | Villager (Male) |
| 8:02 | Construir | House |
| 8:06 | Crear | Fishing Ship |
| 8:32 | Crear | Villager (Male) |
| 8:32 | Crear | Villager (Male) |
| 8:36 | Construir | Mill |
| 8:48 | Crear | Fishing Ship |
| 8:49 | Construir | House |
| 8:52 | Crear | Villager (Male) |
| 9:40 | Construir | Dock |
| 9:42 | Crear | Villager (Male) |
| 10:09 | Construir | Palisade Wall |
| 10:11 | Construir | Palisade Wall |
| 10:12 | Construir | Palisade Wall |
| 10:15 | Construir | Palisade Wall |
| 10:19 | Investigar | Feudal Age |
| 10:19 | Investigar | Feudal Age |
| 10:37 | Construir | Mining Camp |
| 10:39 | Construir | Mining Camp |
| 11:05 | Crear | Fishing Ship |
| 11:45 | Crear | Villager (Male) |
| 11:45 | Crear | Villager (Male) |
| 12:29 | Edad | Edad Feudal |
| 12:31 | Construir | Market |
| 12:34 | Construir | Blacksmith |
| 13:12 | Construir | House |
| 13:24 | Investigar | Castle Age |
| 14:07 | Construir | Lumber Camp |
| 14:21 | Crear | Unit 2626 |
| 14:36 | Crear | Unit 2626 |
| 14:50 | Investigar | Double-Bit Axe |
| 14:50 | Investigar | Double-Bit Axe |
| 15:13 | Crear | Unit 2626 |
| 15:23 | Crear | Unit 2626 |
| 15:31 | Construir | House |
| 16:04 | Edad | Edad de los Castillos |
| 16:06 | Crear | Villager (Male) |
| 16:17 | Construir | Town Center |
| 16:29 | Crear | Villager (Male) |
| 16:46 | Investigar | Bow Saw |
| 16:47 | Crear | Villager (Male) |
| 17:04 | Crear | Villager (Male) |
| 17:33 | Crear | Villager (Male) |
| 17:34 | Crear | Villager (Male) |
| 17:39 | Crear | Villager (Male) |
| 17:42 | Crear | Villager (Male) |
| 17:44 | Construir | Town Center |
| 17:50 | Crear | Fishing Ship |
| 17:52 | Investigar | Tech 906 |
| 18:04 | Crear | Villager (Male) |
| 18:20 | Crear | Villager (Male) |
| 18:23 | Crear | Villager (Male) |
| 18:27 | Construir | Town Center |
| 18:39 | Crear | Villager (Male) |
| 18:40 | Crear | Villager (Male) |
| 18:47 | Crear | Villager (Male) |
| 18:50 | Crear | Villager (Male) |
| 18:54 | Construir | Dock |
| 19:03 | Crear | Villager (Male) |
| 19:14 | Construir | Mill |
| 19:24 | Crear | Villager (Male) |
| 19:25 | Crear | Fishing Ship |
| 19:26 | Crear | Fishing Ship |
| 19:37 | Construir | Mill |
| 19:42 | Crear | Villager (Male) |
| 19:43 | Crear | Villager (Male) |
| 19:44 | Crear | Fishing Ship |
| 19:44 | Crear | Fishing Ship |
| 20:10 | Crear | Villager (Male) |
| 20:12 | Construir | Farm |
| 20:13 | Construir | Farm |
| 20:14 | Construir | Farm |
| 20:14 | Construir | Farm |
| 20:15 | Crear | Villager (Male) |
| 20:29 | Construir | Farm |
| 20:31 | Crear | Villager (Male) |
| 20:32 | Crear | Villager (Male) |
| 20:32 | Crear | Villager (Male) |
| 20:33 | Construir | Farm |
| 20:45 | Crear | Villager (Male) |
| 20:58 | Crear | Villager (Male) |
| 21:05 | Crear | Villager (Male) |
| 21:05 | Crear | Villager (Male) |
| 21:06 | Construir | Farm |
| 21:12 | Construir | Farm |
| 21:13 | Construir | Farm |
| 21:14 | Construir | Farm |
| 21:16 | Construir | Farm |
| 21:17 | Construir | Farm |
| 21:19 | Investigar | Horse Collar |
| 21:19 | Investigar | Horse Collar |
| 21:20 | Crear | Villager (Male) |
| 21:21 | Crear | Villager (Male) |
| 21:21 | Crear | Villager (Male) |
| 21:23 | Construir | House |
| 21:23 | Construir | House |
| 21:25 | Crear | Villager (Male) |
| 21:33 | Crear | Villager (Male) |
| 21:33 | Crear | Villager (Male) |
| 21:34 | Construir | Farm |
| 21:42 | Crear | Villager (Male) |
| 21:52 | Crear | Villager (Male) |
| 22:00 | Crear | Villager (Male) |
| 22:00 | Crear | Villager (Male) |
| 22:04 | Construir | Town Center |
| 22:24 | Crear | Villager (Male) |
| 22:24 | Crear | Villager (Male) |
| 22:26 | Construir | Farm |
| 22:27 | Crear | Villager (Male) |
| 22:28 | Crear | Villager (Male) |
| 22:30 | Construir | Farm |
| 22:39 | Construir | Farm |
| 22:43 | Crear | Villager (Male) |
| 22:47 | Crear | Villager (Male) |
| 23:03 | Crear | Villager (Male) |
| 23:04 | Crear | Villager (Male) |
| 23:05 | Construir | Farm |
| 23:06 | Investigar | Wheelbarrow |
| 23:13 | Crear | Villager (Male) |
| 23:20 | Crear | Villager (Male) |
| 23:25 | Crear | Villager (Male) |
| 23:35 | Construir | Siege Workshop |
| 23:41 | Crear | Villager (Male) |
| 23:52 | Crear | Villager (Male) |
| 23:52 | Crear | Villager (Male) |
| 24:00 | Crear | Villager (Male) |
Build order — 北顾
Primeras 150 de 1007 acciones detectadas
| 0:02 | Construir | Town Center |
| 1:06 | Construir | Dock |
| 1:08 | Construir | House |
| 2:28 | Crear | Villager (Male) ×4 |
| 2:28 | Crear | Villager (Male) ×4 |
| 3:47 | Crear | Fishing Ship |
| 3:47 | Crear | Fishing Ship |
| 4:06 | Crear | Villager (Male) |
| 4:06 | Crear | Villager (Male) |
| 4:16 | Construir | House |
| 4:32 | Crear | Villager (Male) |
| 4:32 | Crear | Villager (Male) |
| 4:32 | Crear | Villager (Male) |
| 5:01 | Crear | Villager (Male) |
| 5:01 | Crear | Villager (Male) |
| 5:26 | Crear | Villager (Male) |
| 5:27 | Crear | Villager (Male) |
| 5:27 | Crear | Villager (Male) |
| 5:30 | Crear | Fishing Ship |
| 5:30 | Crear | Fishing Ship |
| 5:30 | Crear | Fishing Ship |
| 5:51 | Crear | Villager (Male) |
| 5:51 | Crear | Villager (Male) |
| 5:51 | Crear | Villager (Male) |
| 5:57 | Construir | House |
| 6:15 | Crear | Villager (Male) |
| 6:15 | Crear | Villager (Male) |
| 6:31 | Crear | Fishing Ship |
| 6:32 | Crear | Fishing Ship |
| 6:34 | Crear | Villager (Male) |
| 6:35 | Crear | Villager (Male) |
| 6:53 | Crear | Fishing Ship |
| 6:53 | Crear | Fishing Ship |
| 6:58 | Crear | Villager (Male) |
| 6:58 | Crear | Villager (Male) |
| 7:06 | Construir | House |
| 7:13 | Crear | Villager (Male) |
| 7:27 | Construir | House |
| 7:46 | Crear | Villager (Male) |
| 8:09 | Crear | Villager (Male) |
| 8:45 | Crear | Villager (Male) |
| 8:46 | Crear | Fishing Ship |
| 8:53 | Construir | House |
| 8:55 | Crear | Fishing Ship |
| 8:58 | Construir | House |
| 9:00 | Crear | Villager (Male) |
| 9:17 | Crear | Villager (Male) |
| 9:40 | Crear | Villager (Male) |
| 10:10 | Construir | Mill |
| 10:17 | Crear | Villager (Male) |
| 10:20 | Crear | Fishing Ship |
| 10:42 | Construir | House |
| 10:43 | Crear | Villager (Male) |
| 10:58 | Crear | Fishing Ship |
| 11:07 | Investigar | Feudal Age |
| 11:08 | Investigar | Feudal Age |
| 11:15 | Construir | Mining Camp |
| 12:19 | Crear | Villager (Male) |
| 12:19 | Crear | Villager (Male) |
| 12:45 | Construir | Barracks |
| 13:27 | Edad | Edad Feudal |
| 13:29 | Construir | Blacksmith |
| 13:38 | Construir | Archery Range |
| 13:43 | Investigar | Town Watch |
| 13:43 | Investigar | Town Watch |
| 14:15 | Construir | House |
| 14:17 | Investigar | Castle Age |
| 14:17 | Investigar | Castle Age |
| 14:17 | Investigar | Castle Age |
| 14:26 | Construir | Lumber Camp |
| 14:45 | Crear | Skirmisher |
| 14:48 | Construir | House |
| 14:54 | Investigar | Double-Bit Axe |
| 14:55 | Investigar | Double-Bit Axe |
| 14:55 | Investigar | Double-Bit Axe |
| 15:13 | Crear | Skirmisher |
| 15:14 | Crear | Skirmisher |
| 15:25 | Construir | House |
| 15:27 | Investigar | Fletching |
| 15:27 | Investigar | Fletching |
| 15:41 | Crear | Skirmisher |
| 15:46 | Investigar | Loom |
| 15:47 | Investigar | Loom |
| 15:54 | Investigar | Gold Mining |
| 15:54 | Investigar | Gold Mining |
| 15:55 | Investigar | Gold Mining |
| 15:57 | Construir | House |
| 15:58 | Construir | House |
| 16:01 | Crear | Skirmisher |
| 16:25 | Crear | Skirmisher |
| 16:36 | Investigar | Padded Archer Armor |
| 16:37 | Investigar | Padded Archer Armor |
| 16:37 | Investigar | Padded Archer Armor |
| 16:49 | Crear | Skirmisher |
| 16:57 | Edad | Edad de los Castillos |
| 17:02 | Construir | Siege Workshop |
| 17:14 | Investigar | Elite Skirmisher (upgrade) |
| 17:14 | Investigar | Elite Skirmisher (upgrade) |
| 17:14 | Investigar | Elite Skirmisher (upgrade) |
| 17:26 | Crear | Villager (Male) |
| 17:39 | Investigar | Bodkin Arrow |
| 17:39 | Investigar | Bodkin Arrow |
| 18:20 | Crear | Villager (Male) |
| 18:25 | Crear | Villager (Male) |
| 18:25 | Crear | Villager (Male) |
| 18:35 | Construir | Dock |
| 18:38 | Crear | Mangonel |
| 18:38 | Crear | Mangonel |
| 18:39 | Crear | Mangonel |
| 18:58 | Crear | Villager (Male) |
| 19:02 | Construir | Farm |
| 19:03 | Construir | Farm |
| 19:05 | Construir | Farm |
| 19:36 | Crear | Villager (Male) |
| 19:40 | Crear | Mangonel |
| 19:40 | Crear | Mangonel |
| 19:40 | Crear | Mangonel |
| 19:44 | Crear | Villager (Male) |
| 20:11 | Crear | Villager (Male) |
| 20:20 | Crear | Mangonel |
| 20:20 | Crear | Mangonel |
| 20:21 | Crear | Mangonel |
| 20:37 | Crear | Villager (Male) |
| 20:45 | Crear | Villager (Male) |
| 21:38 | Construir | Town Center |
| 21:42 | Crear | Villager (Male) |
| 21:56 | Crear | Mangonel |
| 21:58 | Crear | Villager (Male) |
| 22:10 | Investigar | Wheelbarrow |
| 22:10 | Investigar | Wheelbarrow |
| 22:43 | Crear | Villager (Male) |
| 22:47 | Crear | Villager (Male) |
| 23:15 | Crear | Villager (Male) |
| 23:20 | Construir | Monastery |
| 23:30 | Construir | House |
| 23:31 | Construir | House |
| 23:35 | Construir | Lumber Camp |
| 23:43 | Crear | Villager (Male) |
| 23:44 | Investigar | Bow Saw |
| 23:44 | Investigar | Bow Saw |
| 24:03 | Crear | Monk |
| 24:03 | Crear | Villager (Male) |
| 24:07 | Crear | Villager (Male) |
| 24:08 | Crear | Villager (Male) |
| 24:16 | Crear | Skirmisher |
| 24:17 | Crear | Villager (Male) |
| 24:31 | Crear | Villager (Male) |
| 24:32 | Crear | Mangonel |
| 24:36 | Crear | Villager (Male) |
| 24:40 | Construir | House |
Build order — TL_Bad Koala
Primeras 150 de 1425 acciones detectadas
| 0:30 | Construir | Dock |
| 0:34 | Construir | Town Center |
| 0:47 | Construir | House |
| 2:42 | Crear | Villager (Male) |
| 2:43 | Crear | Villager (Male) |
| 2:43 | Crear | Villager (Male) |
| 2:44 | Crear | Villager (Male) |
| 2:44 | Crear | Villager (Male) |
| 3:35 | Crear | Villager (Male) |
| 3:36 | Crear | Villager (Male) |
| 3:46 | Crear | Fishing Ship |
| 3:47 | Crear | Fishing Ship |
| 4:26 | Construir | House |
| 4:47 | Crear | Villager (Male) |
| 4:48 | Crear | Villager (Male) |
| 4:48 | Crear | Villager (Male) |
| 5:12 | Crear | Villager (Male) |
| 5:23 | Crear | Fishing Ship |
| 5:36 | Crear | Villager (Male) |
| 5:45 | Construir | House |
| 6:02 | Crear | Villager (Male) |
| 6:02 | Crear | Villager (Male) |
| 6:21 | Crear | Villager (Male) |
| 6:21 | Crear | Villager (Male) |
| 6:21 | Crear | Villager (Male) |
| 6:24 | Crear | Fishing Ship |
| 6:25 | Crear | Fishing Ship |
| 6:46 | Crear | Villager (Male) |
| 6:47 | Crear | Villager (Male) |
| 6:55 | Construir | House |
| 7:12 | Crear | Villager (Male) |
| 7:36 | Crear | Fishing Ship |
| 7:37 | Crear | Fishing Ship |
| 7:38 | Crear | Villager (Male) |
| 7:38 | Crear | Villager (Male) |
| 8:03 | Construir | House |
| 8:04 | Crear | Villager (Male) |
| 8:09 | Crear | Fishing Ship |
| 8:09 | Crear | Fishing Ship |
| 8:28 | Construir | House |
| 8:31 | Crear | Villager (Male) |
| 8:31 | Crear | Villager (Male) |
| 8:31 | Crear | Villager (Male) |
| 8:32 | Crear | Fishing Ship |
| 8:32 | Crear | Fishing Ship |
| 8:32 | Crear | Fishing Ship |
| 8:54 | Construir | House |
| 9:06 | Construir | House |
| 9:07 | Crear | Villager (Male) |
| 9:07 | Crear | Fishing Ship |
| 9:08 | Crear | Fishing Ship |
| 9:13 | Crear | Villager (Male) |
| 9:13 | Crear | Villager (Male) |
| 9:28 | Crear | Villager (Male) |
| 9:29 | Crear | Villager (Male) |
| 9:52 | Construir | House |
| 9:59 | Construir | Dock |
| 10:14 | Crear | Villager (Male) |
| 10:16 | Crear | Fishing Ship |
| 10:32 | Construir | Palisade Wall |
| 10:41 | Crear | Fishing Ship |
| 10:53 | Construir | Mining Camp |
| 11:05 | Investigar | Loom |
| 11:13 | Crear | Fishing Ship |
| 11:21 | Investigar | Feudal Age |
| 11:27 | Crear | Fishing Ship |
| 11:54 | Construir | Mill |
| 12:50 | Construir | House |
| 13:23 | Crear | Villager (Male) |
| 13:40 | Edad | Edad Feudal |
| 13:42 | Construir | Market |
| 13:43 | Crear | Unit 2626 |
| 13:43 | Crear | Unit 2626 |
| 14:00 | Construir | Blacksmith |
| 14:04 | Crear | Villager (Male) |
| 14:31 | Construir | Lumber Camp |
| 14:41 | Investigar | Castle Age |
| 14:41 | Investigar | Castle Age |
| 14:47 | Construir | House |
| 14:49 | Construir | House |
| 15:06 | Investigar | Tech 906 |
| 15:10 | Investigar | Forging |
| 15:10 | Investigar | Forging |
| 15:31 | Crear | Unit 2626 |
| 15:34 | Crear | Unit 2626 |
| 15:34 | Crear | Unit 2626 |
| 15:56 | Crear | Villager (Male) |
| 15:58 | Crear | Fire Galley |
| 16:09 | Crear | Fire Galley |
| 16:18 | Crear | Villager (Male) |
| 16:36 | Crear | Villager (Male) |
| 17:10 | Crear | Fire Galley |
| 17:11 | Crear | Fire Galley |
| 17:14 | Construir | Dock |
| 17:21 | Edad | Edad de los Castillos |
| 17:30 | Investigar | War Galley (upgrade) |
| 17:32 | Crear | Villager (Male) |
| 17:57 | Construir | Town Center |
| 18:10 | Crear | Villager (Male) |
| 18:41 | Crear | Villager (Male) |
| 18:43 | Crear | Villager (Male) |
| 18:54 | Construir | Palisade Gate |
| 19:11 | Crear | Villager (Male) |
| 19:13 | Crear | Villager (Male) |
| 19:13 | Crear | Villager (Male) |
| 19:15 | Investigar | Gillnets |
| 19:15 | Investigar | Gillnets |
| 19:15 | Crear | Fishing Ship |
| 19:32 | Crear | Unit 2626 |
| 19:33 | Crear | Unit 2626 |
| 19:44 | Crear | Unit 2626 |
| 19:47 | Crear | Villager (Male) |
| 19:47 | Crear | Villager (Male) |
| 19:51 | Construir | Town Center |
| 20:11 | Crear | Villager (Male) |
| 20:13 | Construir | Lumber Camp |
| 20:15 | Crear | Villager (Male) |
| 20:17 | Crear | Villager (Male) |
| 20:36 | Crear | Villager (Male) |
| 20:37 | Crear | Villager (Male) |
| 20:42 | Crear | Unit 2626 |
| 20:42 | Crear | Unit 2626 |
| 20:47 | Crear | Villager (Male) |
| 21:05 | Construir | Monastery |
| 21:17 | Construir | House |
| 21:18 | Construir | House |
| 21:28 | Crear | Villager (Male) |
| 21:29 | Crear | Villager (Male) |
| 21:31 | Crear | Villager (Male) |
| 21:31 | Crear | Villager (Male) |
| 21:40 | Crear | Villager (Male) |
| 21:58 | Crear | Monk |
| 22:00 | Construir | Farm |
| 22:02 | Investigar | Horse Collar |
| 22:04 | Crear | Villager (Male) |
| 22:07 | Crear | Villager (Male) |
| 22:16 | Crear | Villager (Male) |
| 22:17 | Crear | Villager (Male) |
| 22:21 | Construir | Dock |
| 22:22 | Construir | Dock |
| 22:27 | Crear | Fishing Ship |
| 22:27 | Crear | Fishing Ship |
| 22:28 | Crear | Fishing Ship |
| 22:29 | Crear | Villager (Male) |
| 22:46 | Crear | Villager (Male) |
| 22:46 | Crear | Villager (Male) |
| 23:01 | Crear | Villager (Male) |
| 23:01 | Crear | Villager (Male) |
| 23:05 | Investigar | Heavy Plow |
| 23:06 | Investigar | Heavy Plow |
Build order — Shulk
Primeras 150 de 913 acciones detectadas
| 0:18 | Construir | Town Center |
| 0:57 | Construir | Dock |
| 1:20 | Construir | House |
| 2:33 | Crear | Villager (Male) |
| 2:33 | Crear | Villager (Male) |
| 2:34 | Crear | Villager (Male) |
| 2:34 | Crear | Villager (Male) |
| 3:40 | Crear | Fishing Ship |
| 4:01 | Crear | Villager (Male) |
| 4:16 | Construir | House |
| 4:45 | Investigar | Loom |
| 5:06 | Crear | Fishing Ship |
| 5:08 | Crear | Villager (Male) |
| 5:29 | Crear | Villager (Male) |
| 5:50 | Crear | Fishing Ship |
| 5:51 | Crear | Villager (Male) |
| 6:06 | Construir | House |
| 6:17 | Crear | Villager (Male) |
| 6:45 | Crear | Villager (Male) |
| 6:45 | Crear | Villager (Male) |
| 7:00 | Crear | Fishing Ship |
| 7:03 | Construir | House |
| 7:08 | Crear | Villager (Male) |
| 7:35 | Crear | Villager (Male) |
| 7:35 | Crear | Villager (Male) |
| 7:36 | Crear | Fishing Ship |
| 7:48 | Construir | House |
| 8:01 | Construir | House |
| 8:05 | Crear | Villager (Male) |
| 8:16 | Construir | House |
| 8:23 | Construir | House |
| 8:26 | Crear | Villager (Male) |
| 8:34 | Crear | Fishing Ship |
| 8:43 | Construir | House |
| 8:57 | Crear | Villager (Male) |
| 9:16 | Construir | Dock |
| 9:21 | Crear | Villager (Male) |
| 9:32 | Construir | Mill |
| 9:55 | Crear | Villager (Male) |
| 9:58 | Construir | Palisade Wall |
| 10:03 | Construir | Dock |
| 10:07 | Crear | Fishing Ship |
| 10:21 | Construir | Mining Camp |
| 10:25 | Crear | Villager (Male) |
| 10:52 | Crear | Villager (Male) |
| 10:56 | Crear | Fishing Ship |
| 11:01 | Construir | House |
| 11:12 | Crear | Fishing Ship |
| 11:22 | Construir | House |
| 11:44 | Crear | Villager (Male) |
| 12:07 | Crear | Fishing Ship |
| 12:07 | Crear | Fishing Ship |
| 12:12 | Crear | Villager (Male) |
| 12:29 | Construir | Lumber Camp |
| 12:46 | Investigar | Feudal Age |
| 13:06 | Construir | Outpost |
| 13:21 | Construir | House |
| 13:23 | Construir | Palisade Wall |
| 13:23 | Construir | Palisade Wall |
| 13:24 | Construir | Palisade Wall |
| 13:29 | Construir | Palisade Gate |
| 13:32 | Construir | Palisade Wall |
| 13:51 | Construir | Palisade Wall |
| 13:53 | Construir | Palisade Wall |
| 13:54 | Construir | Palisade Wall |
| 14:12 | Construir | Barracks |
| 14:56 | Edad | Edad Feudal |
| 14:59 | Crear | Villager (Male) |
| 15:04 | Construir | Blacksmith |
| 15:07 | Construir | Archery Range |
| 15:10 | Crear | Villager (Male) |
| 15:22 | Construir | Palisade Wall |
| 15:35 | Construir | House |
| 15:36 | Crear | Villager (Male) |
| 15:59 | Crear | Archer |
| 16:02 | Crear | Villager (Male) |
| 16:07 | Construir | Archery Range |
| 16:24 | Construir | Farm |
| 16:28 | Crear | Villager (Male) |
| 16:44 | Construir | Dock |
| 16:54 | Crear | Archer |
| 16:57 | Crear | Archer |
| 17:00 | Crear | Villager (Male) |
| 17:15 | Crear | Villager (Male) |
| 17:36 | Crear | Villager (Male) |
| 17:37 | Crear | Archer |
| 17:50 | Construir | Market |
| 17:57 | Crear | Villager (Male) |
| 18:13 | Construir | Watch Tower |
| 18:21 | Investigar | Castle Age |
| 18:22 | Investigar | Castle Age |
| 18:55 | Construir | Lumber Camp |
| 19:38 | Construir | Watch Tower |
| 19:40 | Crear | Villager (Male) |
| 20:20 | Construir | Palisade Wall |
| 20:28 | Construir | Archery Range |
| 20:29 | Construir | Archery Range |
| 20:35 | Investigar | Double-Bit Axe |
| 20:36 | Investigar | Double-Bit Axe |
| 20:57 | Construir | Palisade Gate |
| 21:06 | Edad | Edad de los Castillos |
| 21:17 | Construir | Siege Workshop |
| 21:23 | Crear | Cavalry Archer |
| 21:23 | Crear | Cavalry Archer |
| 21:24 | Investigar | Fletching |
| 21:24 | Crear | Villager (Male) |
| 21:35 | Crear | Fishing Ship |
| 21:35 | Crear | Fishing Ship |
| 21:46 | Crear | Cavalry Archer |
| 22:05 | Crear | Cavalry Archer |
| 22:21 | Crear | Cavalry Archer |
| 22:35 | Construir | Town Center |
| 22:47 | Crear | Villager (Male) |
| 22:47 | Crear | Villager (Male) |
| 22:51 | Crear | Cavalry Archer |
| 23:08 | Crear | Cavalry Archer |
| 23:27 | Crear | Cavalry Archer |
| 23:37 | Crear | Villager (Male) |
| 24:01 | Crear | Villager (Male) |
| 24:14 | Construir | Archery Range |
| 24:17 | Crear | Cavalry Archer |
| 24:17 | Crear | Cavalry Archer |
| 24:46 | Construir | House |
| 25:03 | Investigar | Bodkin Arrow |
| 25:06 | Construir | Stable |
| 25:09 | Crear | Cavalry Archer |
| 25:09 | Crear | Cavalry Archer |
| 25:18 | Construir | House |
| 25:20 | Crear | Villager (Male) |
| 25:33 | Crear | Villager (Male) |
| 25:40 | Crear | Villager (Male) |
| 25:43 | Crear | Fishing Ship |
| 25:46 | Crear | Villager (Male) |
| 25:47 | Crear | Cavalry Archer |
| 25:47 | Crear | Cavalry Archer |
| 26:15 | Crear | Cavalry Archer |
| 26:16 | Crear | Cavalry Archer |
| 26:19 | Crear | Villager (Male) |
| 26:21 | Crear | Villager (Male) |
| 26:29 | Crear | Villager (Male) |
| 26:43 | Crear | Cavalry Archer |
| 26:43 | Crear | Cavalry Archer |
| 26:44 | Crear | Villager (Male) |
| 27:02 | Crear | Villager (Male) |
| 27:03 | Construir | University |
| 27:08 | Investigar | Bloodlines |
| 27:11 | Crear | Villager (Male) |
| 27:21 | Crear | Cavalry Archer |
| 27:43 | Crear | Cavalry Archer |
| 27:43 | Crear | Cavalry Archer |
Build order — brief
Primeras 150 de 522 acciones detectadas
| 0:11 | Construir | Town Center |
| 0:26 | Construir | Town Center |
| 0:43 | Construir | Dock |
| 0:45 | Construir | House |
| 2:39 | Crear | Villager (Male) ×4 |
| 2:39 | Crear | Villager (Male) ×4 |
| 3:47 | Crear | Fishing Ship |
| 3:48 | Crear | Villager (Male) |
| 4:29 | Construir | House |
| 4:37 | Crear | Villager (Male) |
| 5:09 | Crear | Villager (Male) |
| 5:09 | Crear | Villager (Male) |
| 5:20 | Crear | Fishing Ship |
| 5:33 | Crear | Villager (Male) |
| 5:56 | Crear | Villager (Male) |
| 6:00 | Construir | House |
| 6:13 | Crear | Fishing Ship |
| 6:29 | Crear | Villager (Male) |
| 6:38 | Construir | House |
| 6:51 | Crear | Villager (Male) |
| 7:04 | Crear | Fishing Ship |
| 7:06 | Construir | House |
| 7:22 | Crear | Villager (Male) |
| 7:42 | Crear | Fishing Ship |
| 7:46 | Crear | Villager (Male) |
| 8:07 | Construir | Mill |
| 8:08 | Crear | Villager (Male) |
| 8:32 | Crear | Villager (Male) |
| 8:46 | Construir | House |
| 8:56 | Crear | Fishing Ship |
| 8:58 | Crear | Villager (Male) |
| 9:05 | Construir | House |
| 9:16 | Crear | Villager (Male) |
| 9:22 | Construir | House |
| 9:48 | Crear | Villager (Male) |
| 10:00 | Construir | Mining Camp |
| 10:09 | Crear | Fishing Ship |
| 10:16 | Crear | Villager (Male) |
| 10:43 | Investigar | Feudal Age |
| 10:43 | Investigar | Feudal Age |
| 10:55 | Construir | Barracks |
| 11:09 | Construir | House |
| 12:20 | Crear | Villager (Male) |
| 12:21 | Crear | Villager (Male) |
| 12:52 | Edad | Edad Feudal |
| 12:54 | Construir | Archery Range |
| 12:57 | Construir | Blacksmith |
| 14:00 | Investigar | Castle Age |
| 14:11 | Construir | Lumber Camp |
| 14:27 | Investigar | Gold Mining |
| 14:33 | Construir | House |
| 14:46 | Investigar | Double-Bit Axe |
| 15:03 | Investigar | Fletching |
| 16:40 | Edad | Edad de los Castillos |
| 16:42 | Crear | Villager (Male) |
| 16:43 | Crear | Villager (Male) |
| 16:51 | Construir | University |
| 16:52 | Crear | Cavalry Archer |
| 16:53 | Crear | Cavalry Archer |
| 16:54 | Investigar | Bodkin Arrow |
| 17:11 | Investigar | Loom |
| 17:12 | Crear | Cavalry Archer |
| 17:51 | Construir | Town Center |
| 17:54 | Crear | Cavalry Archer |
| 18:06 | Construir | Dock |
| 18:15 | Crear | Villager (Male) |
| 18:15 | Crear | Villager (Male) |
| 18:15 | Crear | Villager (Male) |
| 18:30 | Crear | Cavalry Archer |
| 18:31 | Crear | Cavalry Archer |
| 18:53 | Crear | Villager (Male) |
| 18:57 | Crear | Cavalry Archer |
| 19:32 | Crear | Villager (Male) |
| 19:36 | Construir | Siege Workshop |
| 19:40 | Crear | Cavalry Archer |
| 19:50 | Crear | Villager (Male) |
| 20:02 | Construir | Pasture |
| 20:09 | Crear | Cavalry Archer |
| 20:58 | Crear | Iron Pagoda |
| 21:00 | Crear | Villager (Male) |
| 21:00 | Crear | Villager (Male) |
| 21:17 | Construir | House |
| 21:17 | Construir | House |
| 21:29 | Crear | Iron Pagoda |
| 21:36 | Construir | Lumber Camp |
| 21:43 | Crear | Villager (Male) |
| 21:51 | Construir | Pasture |
| 21:56 | Crear | Cavalry Archer |
| 22:20 | Crear | Fishing Ship |
| 22:21 | Crear | Villager (Male) |
| 22:21 | Crear | Villager (Male) |
| 22:27 | Crear | Iron Pagoda |
| 22:40 | Crear | Villager (Male) |
| 23:01 | Crear | Cavalry Archer |
| 23:02 | Crear | Cavalry Archer |
| 23:05 | Crear | Villager (Male) |
| 23:05 | Crear | Villager (Male) |
| 23:42 | Crear | Villager (Male) |
| 23:42 | Crear | Villager (Male) |
| 23:45 | Construir | Pasture |
| 23:48 | Construir | Pasture |
| 23:52 | Crear | Iron Pagoda |
| 23:56 | Construir | House |
| 23:56 | Construir | House |
| 24:02 | Investigar | Padded Archer Armor |
| 24:20 | Construir | Pasture |
| 24:31 | Crear | Villager (Male) |
| 24:31 | Crear | Villager (Male) |
| 24:35 | Construir | Pasture |
| 24:45 | Crear | Villager (Male) |
| 24:46 | Crear | Villager (Male) |
| 24:49 | Construir | Market |
| 25:16 | Construir | Pasture |
| 25:22 | Investigar | Ballistics |
| 25:22 | Investigar | Ballistics |
| 25:30 | Crear | Villager (Male) |
| 25:41 | Crear | Villager (Male) |
| 25:50 | Crear | Villager (Male) |
| 25:51 | Investigar | Wheelbarrow |
| 25:53 | Crear | Villager (Male) |
| 26:06 | Crear | Villager (Male) |
| 26:09 | Crear | Scorpion |
| 26:15 | Crear | Cavalry Archer |
| 26:15 | Crear | Cavalry Archer |
| 26:45 | Crear | Villager (Male) |
| 26:45 | Crear | Villager (Male) |
| 27:03 | Crear | Scorpion |
| 27:27 | Crear | Villager (Male) |
| 27:28 | Crear | Villager (Male) |
| 27:28 | Crear | Villager (Male) |
| 27:41 | Construir | House |
| 27:41 | Construir | House |
| 27:58 | Crear | Villager (Male) |
| 27:58 | Crear | Villager (Male) |
| 28:27 | Crear | Villager (Male) |
| 28:27 | Crear | Villager (Male) |
| 28:28 | Crear | Villager (Male) |
| 28:42 | Crear | Villager (Male) |
| 28:51 | Investigar | Town Watch |
| 29:01 | Investigar | Stone Mining |
| 29:06 | Construir | Castle |
| 29:17 | Crear | Villager (Male) |
| 29:17 | Crear | Villager (Male) |
| 29:25 | Construir | Town Center |
| 29:33 | Crear | Villager (Male) |
| 29:53 | Crear | Cavalry Archer |
| 29:59 | Crear | Villager (Male) |
| 29:59 | Crear | Villager (Male) |
| 30:44 | Crear | Villager (Male) |
| 30:44 | Crear | Villager (Male) |
Build order — Niroxs
Primeras 150 de 736 acciones detectadas
| 0:11 | Construir | Town Center |
| 0:28 | Construir | Dock |
| 0:40 | Construir | Palisade Wall |
| 0:46 | Construir | House |
| 2:28 | Crear | Villager (Male) |
| 2:28 | Crear | Villager (Male) |
| 2:28 | Crear | Villager (Male) |
| 2:28 | Crear | Villager (Male) |
| 3:28 | Crear | Fishing Ship |
| 3:28 | Crear | Fishing Ship |
| 3:48 | Crear | Villager (Male) |
| 4:08 | Construir | House |
| 4:36 | Crear | Villager (Male) |
| 4:56 | Crear | Villager (Male) |
| 4:56 | Crear | Villager (Male) |
| 5:11 | Construir | House |
| 5:27 | Crear | Villager (Male) |
| 5:28 | Crear | Villager (Male) |
| 5:43 | Crear | Fishing Ship |
| 5:55 | Crear | Villager (Male) |
| 5:55 | Crear | Villager (Male) |
| 6:03 | Construir | House |
| 6:24 | Crear | Fishing Ship |
| 6:37 | Crear | Villager (Male) |
| 6:50 | Crear | Villager (Male) |
| 7:03 | Crear | Fishing Ship |
| 7:16 | Crear | Villager (Male) |
| 7:16 | Crear | Villager (Male) |
| 7:17 | Crear | Villager (Male) |
| 7:37 | Crear | Fishing Ship |
| 7:39 | Construir | House |
| 7:47 | Crear | Villager (Male) |
| 7:54 | Construir | House |
| 8:28 | Crear | Villager (Male) |
| 8:35 | Crear | Villager (Male) |
| 8:38 | Crear | Villager (Male) |
| 8:41 | Crear | Fishing Ship |
| 8:44 | Construir | House |
| 9:08 | Crear | Villager (Male) |
| 9:13 | Construir | House |
| 9:23 | Crear | Fishing Ship |
| 9:45 | Construir | House |
| 9:55 | Construir | House |
| 10:01 | Crear | Villager (Male) |
| 10:09 | Construir | House |
| 10:15 | Construir | House |
| 10:27 | Construir | Mill |
| 10:44 | Crear | Villager (Male) |
| 11:14 | Construir | House |
| 11:21 | Construir | Mining Camp |
| 11:22 | Investigar | Feudal Age |
| 11:35 | Construir | Lumber Camp |
| 11:54 | Crear | Fishing Ship |
| 12:29 | Construir | Outpost |
| 13:15 | Crear | Villager (Male) |
| 13:32 | Edad | Edad Feudal |
| 13:35 | Construir | Market |
| 13:38 | Construir | Blacksmith |
| 13:58 | Construir | Palisade Wall |
| 14:02 | Construir | Palisade Wall |
| 14:04 | Construir | Palisade Wall |
| 14:07 | Construir | Palisade Wall |
| 14:09 | Construir | Palisade Wall |
| 14:15 | Crear | Villager (Male) |
| 14:26 | Investigar | Castle Age |
| 14:39 | Construir | Palisade Wall |
| 14:42 | Construir | Palisade Wall |
| 14:43 | Construir | Palisade Wall |
| 14:45 | Construir | Palisade Wall |
| 14:46 | Construir | Palisade Wall |
| 14:55 | Construir | Palisade Wall |
| 14:58 | Construir | Palisade Wall |
| 15:02 | Construir | Palisade Wall |
| 15:40 | Investigar | Double-Bit Axe |
| 15:40 | Investigar | Double-Bit Axe |
| 15:53 | Construir | Palisade Wall |
| 16:15 | Crear | Unit 2626 |
| 16:16 | Crear | Unit 2626 |
| 17:15 | Investigar | Loom |
| 17:15 | Investigar | Loom |
| 17:20 | Edad | Edad de los Castillos |
| 17:30 | Construir | Castle |
| 17:33 | Construir | House |
| 17:37 | Construir | Palisade Wall |
| 17:42 | Crear | Villager (Male) |
| 17:43 | Crear | Villager (Male) |
| 17:58 | Crear | Unit 2626 |
| 18:13 | Crear | Villager (Male) |
| 18:32 | Crear | Organ Gun |
| 18:32 | Crear | Organ Gun |
| 18:45 | Crear | Organ Gun |
| 18:52 | Crear | Villager (Male) |
| 19:02 | Crear | Organ Gun |
| 19:02 | Crear | Organ Gun |
| 19:09 | Construir | Town Center |
| 19:33 | Crear | Villager (Male) |
| 19:35 | Crear | Villager (Male) |
| 20:02 | Crear | Villager (Male) |
| 20:04 | Investigar | Bow Saw |
| 20:04 | Investigar | Bow Saw |
| 20:06 | Crear | Organ Gun |
| 20:19 | Crear | Villager (Male) |
| 20:31 | Crear | Villager (Male) |
| 20:47 | Crear | Villager (Male) |
| 20:49 | Crear | Organ Gun |
| 20:53 | Construir | Siege Workshop |
| 21:04 | Crear | Organ Gun |
| 21:04 | Crear | Organ Gun |
| 21:06 | Crear | Villager (Male) |
| 21:06 | Crear | Villager (Male) |
| 21:18 | Crear | Villager (Male) |
| 21:36 | Crear | Villager (Male) |
| 21:36 | Crear | Villager (Male) |
| 21:38 | Crear | Organ Gun |
| 22:04 | Crear | Villager (Male) |
| 22:04 | Crear | Villager (Male) |
| 22:16 | Crear | Villager (Male) |
| 22:16 | Crear | Villager (Male) |
| 22:21 | Crear | Mangonel |
| 22:38 | Crear | Villager (Male) |
| 22:38 | Crear | Villager (Male) |
| 22:53 | Crear | Villager (Male) |
| 23:11 | Crear | Mangonel |
| 23:20 | Construir | Farm |
| 23:20 | Construir | Farm |
| 23:20 | Construir | Farm |
| 23:21 | Construir | Farm |
| 23:21 | Construir | Farm |
| 23:21 | Construir | Farm |
| 23:21 | Construir | Farm |
| 23:42 | Crear | Organ Gun |
| 23:42 | Crear | Organ Gun |
| 23:45 | Crear | Villager (Male) |
| 23:46 | Crear | Villager (Male) |
| 23:47 | Crear | Organ Gun |
| 23:47 | Crear | Organ Gun |
| 23:47 | Crear | Organ Gun |
| 23:54 | Crear | Villager (Male) |
| 23:54 | Crear | Villager (Male) |
| 24:37 | Construir | Farm |
| 24:53 | Crear | Mangonel |
| 25:10 | Construir | Siege Workshop |
| 25:11 | Crear | Villager (Male) |
| 25:11 | Crear | Villager (Male) |
| 26:10 | Construir | Farm |
| 26:10 | Construir | Farm |
| 26:11 | Crear | Villager (Male) |
| 26:11 | Crear | Villager (Male) |
| 26:11 | Crear | Villager (Male) |
| 26:15 | Construir | Farm |
Build order — CC
Primeras 150 de 1156 acciones detectadas
| 0:02 | Construir | Town Center |
| 0:45 | Construir | Dock |
| 0:54 | Construir | House |
| 2:24 | Crear | Villager (Male) |
| 2:24 | Crear | Villager (Male) |
| 2:24 | Crear | Villager (Male) |
| 2:24 | Crear | Villager (Male) |
| 2:25 | Crear | Villager (Male) |
| 3:50 | Crear | Villager (Male) |
| 3:51 | Crear | Villager (Male) |
| 4:04 | Crear | Fishing Ship |
| 4:04 | Crear | Fishing Ship |
| 4:25 | Construir | House |
| 4:26 | Crear | Villager (Male) |
| 4:27 | Crear | Villager (Male) |
| 4:43 | Crear | Villager (Male) |
| 4:43 | Crear | Villager (Male) |
| 4:44 | Crear | Villager (Male) |
| 5:11 | Crear | Villager (Male) |
| 5:11 | Crear | Villager (Male) |
| 5:35 | Crear | Villager (Male) |
| 5:35 | Crear | Villager (Male) |
| 5:36 | Crear | Fishing Ship |
| 5:36 | Crear | Fishing Ship |
| 6:00 | Construir | House |
| 6:06 | Crear | Villager (Male) |
| 6:06 | Crear | Villager (Male) |
| 6:19 | Crear | Villager (Male) |
| 6:20 | Crear | Villager (Male) |
| 6:35 | Crear | Fishing Ship |
| 6:35 | Crear | Fishing Ship |
| 6:39 | Crear | Villager (Male) |
| 6:39 | Crear | Villager (Male) |
| 6:40 | Crear | Villager (Male) |
| 7:08 | Crear | Fishing Ship |
| 7:09 | Crear | Fishing Ship |
| 7:16 | Crear | Villager (Male) |
| 7:16 | Crear | Villager (Male) |
| 7:22 | Construir | House |
| 7:33 | Crear | Villager (Male) |
| 7:37 | Crear | Fishing Ship |
| 7:38 | Crear | Fishing Ship |
| 8:08 | Crear | Fishing Ship |
| 8:10 | Crear | Villager (Male) |
| 8:28 | Crear | Villager (Male) |
| 8:49 | Construir | Mill |
| 8:58 | Crear | Villager (Male) |
| 9:03 | Construir | House |
| 9:09 | Investigar | Loom |
| 9:35 | Crear | Villager (Male) |
| 9:36 | Crear | Fishing Ship |
| 10:00 | Crear | Villager (Male) |
| 10:29 | Construir | Palisade Wall |
| 10:31 | Construir | Palisade Wall |
| 10:35 | Construir | Palisade Wall |
| 10:38 | Construir | Palisade Wall |
| 10:40 | Investigar | Feudal Age |
| 10:58 | Crear | Fishing Ship |
| 11:08 | Construir | Mining Camp |
| 11:38 | Construir | Barracks |
| 11:52 | Crear | Villager (Male) |
| 11:54 | Crear | Villager (Male) |
| 12:13 | Construir | House |
| 12:50 | Edad | Edad Feudal |
| 12:53 | Construir | Stable |
| 12:59 | Construir | Blacksmith |
| 13:42 | Investigar | Castle Age |
| 13:43 | Investigar | Castle Age |
| 13:53 | Construir | Lumber Camp |
| 14:12 | Crear | Scout Cavalry |
| 14:16 | Investigar | Double-Bit Axe |
| 14:16 | Investigar | Double-Bit Axe |
| 14:38 | Investigar | Horse Collar |
| 14:38 | Investigar | Horse Collar |
| 14:52 | Construir | House |
| 14:53 | Crear | Scout Cavalry |
| 14:54 | Crear | Scout Cavalry |
| 15:30 | Investigar | Bloodlines |
| 15:31 | Investigar | Bloodlines |
| 15:49 | Construir | House |
| 15:50 | Construir | Palisade Wall |
| 15:52 | Construir | House |
| 15:53 | Construir | Palisade Wall |
| 16:02 | Crear | Villager (Male) |
| 16:22 | Edad | Edad de los Castillos |
| 16:24 | Crear | Shrivamsha Rider |
| 16:24 | Crear | Shrivamsha Rider |
| 16:28 | Crear | Villager (Male) |
| 16:34 | Construir | Town Center |
| 16:42 | Crear | Scout Cavalry |
| 17:01 | Crear | Villager (Male) |
| 17:13 | Construir | House |
| 17:25 | Construir | Town Center |
| 17:36 | Crear | Villager (Male) |
| 18:01 | Crear | Villager (Male) |
| 18:02 | Crear | Villager (Male) |
| 18:05 | Crear | Villager (Male) |
| 18:10 | Construir | Farm |
| 18:10 | Construir | Farm |
| 18:26 | Crear | Shrivamsha Rider |
| 18:26 | Crear | Shrivamsha Rider |
| 18:27 | Crear | Shrivamsha Rider |
| 18:27 | Crear | Shrivamsha Rider |
| 18:30 | Construir | Farm |
| 18:30 | Construir | Farm |
| 18:30 | Construir | Farm |
| 18:31 | Construir | Farm |
| 18:48 | Crear | Shrivamsha Rider |
| 19:06 | Crear | Villager (Male) |
| 19:08 | Construir | Farm |
| 19:09 | Construir | Farm |
| 19:09 | Construir | Farm |
| 19:09 | Construir | Farm |
| 19:09 | Construir | Farm |
| 19:15 | Crear | Villager (Male) |
| 19:21 | Construir | Farm |
| 19:21 | Construir | Farm |
| 19:25 | Construir | House |
| 19:32 | Crear | Villager (Male) |
| 19:32 | Crear | Villager (Male) |
| 19:38 | Construir | Farm |
| 19:42 | Crear | Villager (Male) |
| 19:42 | Crear | Villager (Male) |
| 19:51 | Crear | Villager (Male) |
| 19:51 | Crear | Villager (Male) |
| 20:06 | Crear | Villager (Male) |
| 20:07 | Crear | Villager (Male) |
| 20:20 | Crear | Villager (Male) |
| 20:20 | Crear | Villager (Male) |
| 20:31 | Crear | Villager (Male) |
| 20:31 | Crear | Villager (Male) |
| 20:32 | Construir | Siege Workshop |
| 20:52 | Crear | Villager (Male) |
| 20:53 | Crear | Villager (Male) |
| 20:53 | Crear | Villager (Male) |
| 21:10 | Crear | Villager (Male) |
| 21:14 | Crear | Villager (Male) |
| 21:22 | Crear | Mangonel |
| 21:27 | Crear | Villager (Male) |
| 21:27 | Crear | Villager (Male) |
| 21:34 | Construir | Farm |
| 21:34 | Construir | Farm |
| 21:36 | Construir | Farm |
| 21:53 | Crear | Villager (Male) |
| 21:55 | Crear | Scorpion |
| 21:58 | Crear | Shrivamsha Rider |
| 21:58 | Crear | Shrivamsha Rider |
| 22:02 | Construir | Farm |
| 22:07 | Crear | Villager (Male) |
| 22:13 | Crear | Villager (Male) |
Cronología de la partida
| 0:28 | Niroxs · first_building Dock |
| 0:30 | TL_Bad Koala · first_building Dock |
| 0:37 | Tointoin · first_building Dock |
| 0:40 | Niroxs · wall_segment Palisade Wall x1 |
| 0:43 | brief · first_building Dock |
| 0:45 | CC · first_building Dock |
| 0:49 | TAG_Sitaux · first_building Dock |
| 0:56 | Tointoin · wall_segment Palisade Wall x1 |
| 0:57 | Shulk · first_building Dock |
| 1:06 | 北顾 · first_building Dock |
| 9:58 | Shulk · wall_segment Palisade Wall x1 |
| 10:09 | TAG_Sitaux · wall_segment Palisade Wall x1 |
| 10:11 | TAG_Sitaux · wall_segment Palisade Wall x1 |
| 10:12 | TAG_Sitaux · wall_segment Palisade Wall x1 |
| 10:15 | TAG_Sitaux · wall_segment Palisade Wall x1 |
| 10:29 | CC · wall_segment Palisade Wall x1 |
| 10:31 | CC · wall_segment Palisade Wall x1 |
| 10:32 | TL_Bad Koala · wall_segment Palisade Wall x13 |
| 10:35 | CC · wall_segment Palisade Wall x1 |
| 10:38 | CC · wall_segment Palisade Wall x1 |
| 10:55 | brief · first_building Barracks |
| 11:10 | Tointoin · first_building Barracks |
| 11:38 | CC · first_building Barracks |
| 12:20 | Tointoin · age_up feudal |
| 12:23 | Tointoin · first_building Archery Range |
| 12:29 | TAG_Sitaux · age_up feudal |
| 12:45 | 北顾 · first_building Barracks |
| 12:50 | CC · age_up feudal |
| 12:52 | brief · age_up feudal |
| 12:53 | CC · first_building Stable |
| 12:54 | brief · first_building Archery Range |
| 13:23 | Shulk · wall_segment Palisade Wall x1 |
| 13:23 | Shulk · wall_segment Palisade Wall x1 |
| 13:24 | Shulk · wall_segment Palisade Wall x1 |
| 13:27 | 北顾 · age_up feudal |
| 13:32 | Niroxs · age_up feudal |
| 13:32 | Shulk · wall_segment Palisade Wall x1 |
| 13:38 | 北顾 · first_building Archery Range |
| 13:40 | TL_Bad Koala · age_up feudal |
| 13:51 | Shulk · wall_segment Palisade Wall x1 |
| 13:53 | Shulk · wall_segment Palisade Wall x4 |
| 13:54 | Shulk · wall_segment Palisade Wall x10 |
| 13:58 | Niroxs · wall_segment Palisade Wall x1 |
| 14:02 | Niroxs · wall_segment Palisade Wall x1 |
| 14:04 | Niroxs · wall_segment Palisade Wall x1 |
| 14:07 | Niroxs · wall_segment Palisade Wall x1 |
| 14:09 | Niroxs · wall_segment Palisade Wall x1 |
| 14:12 | Shulk · first_building Barracks |
| 14:39 | Niroxs · wall_segment Palisade Wall x1 |
| 14:42 | Niroxs · wall_segment Palisade Wall x1 |
| 14:43 | Niroxs · wall_segment Palisade Wall x1 |
| 14:45 | Niroxs · wall_segment Palisade Wall x1 |
| 14:46 | Niroxs · wall_segment Palisade Wall x1 |
| 14:49 | Tointoin · first_market_sell 100 stone |
| 14:54 | Tointoin · first_market_buy 100 food |
| 14:55 | Niroxs · wall_segment Palisade Wall x1 |
| 14:56 | Shulk · age_up feudal |
| 14:58 | Niroxs · wall_segment Palisade Wall x1 |
| 15:02 | Niroxs · wall_segment Palisade Wall x1 |
| 15:07 | Shulk · first_building Archery Range |
| 15:22 | Shulk · wall_segment Palisade Wall x1 |
| 15:50 | CC · wall_segment Palisade Wall x1 |
| 15:53 | Niroxs · wall_segment Palisade Wall x1 |
| 15:53 | CC · wall_segment Palisade Wall x1 |
| 16:04 | TAG_Sitaux · age_up castle |
| 16:22 | CC · age_up castle |
| 16:40 | brief · age_up castle |
| 16:57 | 北顾 · age_up castle |
| 17:02 | 北顾 · first_building Siege Workshop |
| 17:20 | Niroxs · age_up castle |
| 17:21 | TL_Bad Koala · age_up castle |
| 17:30 | Niroxs · first_building Castle |
| 17:37 | Niroxs · wall_segment Palisade Wall x1 |
| 18:21 | Shulk · first_market_buy 100 food |
| 18:22 | TAG_Sitaux · first_market_buy 100 stone |
| 18:42 | Niroxs · first_market_sell 100 food |
| 18:45 | Shulk · first_market_sell 100 food |
| 19:24 | Tointoin · age_up castle |
| 19:36 | brief · first_building Siege Workshop |
| 19:52 | Tointoin · wall_segment Palisade Wall x1 |
| 20:20 | Shulk · wall_segment Palisade Wall x1 |
| 20:24 | Tointoin · wall_segment Palisade Wall x1 |
| 20:32 | CC · first_building Siege Workshop |
| 20:53 | Niroxs · first_building Siege Workshop |
| 21:05 | TL_Bad Koala · first_building Monastery |
| 21:06 | Shulk · age_up castle |
| 21:17 | Shulk · first_building Siege Workshop |
| 23:14 | TL_Bad Koala · first_market_buy 100 stone |
| 23:20 | 北顾 · first_building Monastery |
| 23:35 | TAG_Sitaux · first_building Siege Workshop |
| 25:06 | Shulk · first_building Stable |
| 26:42 | TAG_Sitaux · first_building Monastery |
| 27:19 | TL_Bad Koala · first_building Barracks |
| 27:24 | TAG_Sitaux · first_building Castle |
| 28:25 | TAG_Sitaux · first_market_sell 100 wood |
| 28:32 | TL_Bad Koala · first_building Stable |
| 28:52 | 北顾 · first_market_sell 100 wood |
| 29:06 | brief · first_building Castle |
| 29:15 | CC · first_market_sell 100 wood |
| 29:16 | CC · first_market_buy 100 stone |
| 31:02 | TL_Bad Koala · age_up imperial |
| 31:17 | TAG_Sitaux · first_building Barracks |
| 31:32 | TL_Bad Koala · first_building Castle |
| 31:45 | TAG_Sitaux · age_up imperial |
| 32:20 | TL_Bad Koala · first_market_sell 500 food |
| 32:32 | Shulk · first_building Castle |
| 33:32 | TL_Bad Koala · first_building Siege Workshop |
| 33:57 | Niroxs · first_building Barracks |
| 34:48 | 北顾 · first_market_buy 100 stone |
| 35:22 | Tointoin · first_building Castle |
| 35:27 | brief · first_building Stable |
| 35:36 | CC · first_building Archery Range |
| 35:37 | Tointoin · wall_segment Palisade Wall x1 |
| 35:39 | Tointoin · wall_segment Palisade Wall x1 |
| 35:40 | Tointoin · wall_segment Palisade Wall x1 |
| 35:47 | Tointoin · wall_segment Palisade Wall x1 |
| 35:52 | Tointoin · wall_segment Palisade Wall x1 |
| 36:00 | Niroxs · first_market_buy 100 stone |
| 38:41 | CC · age_up imperial |
| 39:12 | TAG_Sitaux · tribute_sent a jugador 2 |
| 39:12 | TAG_Sitaux · tribute_sent a jugador 3 |
| 39:12 | TAG_Sitaux · tribute_sent a jugador 4 |
| 39:12 | TAG_Sitaux · tribute_sent a jugador 5 |
| 39:12 | TAG_Sitaux · tribute_sent a jugador 6 |
| 39:12 | TAG_Sitaux · tribute_sent a jugador 7 |
| 39:12 | TAG_Sitaux · tribute_sent a jugador 8 |
| 40:44 | 北顾 · first_building Castle |
| 41:02 | TL_Bad Koala · tribute_sent a jugador 1 |
| 41:02 | TL_Bad Koala · tribute_sent a jugador 2 |
| 41:02 | TL_Bad Koala · tribute_sent a jugador 3 |
| 41:02 | TL_Bad Koala · tribute_sent a jugador 5 |
| 41:02 | TL_Bad Koala · tribute_sent a jugador 6 |
| 41:02 | TL_Bad Koala · tribute_sent a jugador 7 |
| 41:02 | TL_Bad Koala · tribute_sent a jugador 8 |
| 41:09 | Tointoin · wall_segment Stone Wall x4 |
| 41:36 | TAG_Sitaux · tribute_sent a jugador 2 |
| 41:36 | TAG_Sitaux · tribute_sent a jugador 3 |
| 41:36 | TAG_Sitaux · tribute_sent a jugador 4 |
| 41:36 | TAG_Sitaux · tribute_sent a jugador 5 |
| 41:36 | TAG_Sitaux · tribute_sent a jugador 6 |
| 41:36 | TAG_Sitaux · tribute_sent a jugador 7 |
| 41:36 | TAG_Sitaux · tribute_sent a jugador 8 |
| 41:47 | CC · first_building Castle |
| 42:03 | TAG_Sitaux · first_building Archery Range |
| 42:38 | TL_Bad Koala · tribute_sent a jugador 1 |
| 42:38 | TL_Bad Koala · tribute_sent a jugador 2 |
| 42:38 | TL_Bad Koala · tribute_sent a jugador 3 |
| 42:38 | TL_Bad Koala · tribute_sent a jugador 5 |
| 42:38 | TL_Bad Koala · tribute_sent a jugador 6 |
| 42:38 | TL_Bad Koala · tribute_sent a jugador 7 |
| 42:38 | TL_Bad Koala · tribute_sent a jugador 8 |
| 42:42 | Tointoin · first_building Siege Workshop |
| 43:15 | brief · first_market_sell 100 food |
| 45:11 | Shulk · wall_segment Stone Wall x12 |
| 45:22 | 北顾 · wall_segment Stone Wall x1 |
| 46:17 | CC · wall_segment Stone Wall x1 |
| 46:21 | CC · wall_segment Stone Wall x1 |
| 46:23 | CC · wall_segment Stone Wall x1 |
| 46:28 | brief · age_up imperial |
| 46:33 | brief · first_market_buy 100 food |
| 46:51 | Shulk · age_up imperial |
| 47:27 | Shulk · wall_segment Stone Wall x14 |
| 47:29 | Shulk · wall_segment Stone Wall x9 |
| 48:55 | Shulk · wall_segment Stone Wall x7 |
| 48:58 | Shulk · wall_segment Stone Wall x3 |
| 49:01 | Shulk · wall_segment Stone Wall x19 |
| 50:44 | Niroxs · first_building Archery Range |
| 52:37 | Niroxs · age_up imperial |
| 52:49 | 北顾 · age_up imperial |
| 52:50 | TAG_Sitaux · tribute_sent a jugador 2 |
| 52:50 | TAG_Sitaux · tribute_sent a jugador 3 |
| 52:50 | TAG_Sitaux · tribute_sent a jugador 4 |
| 52:50 | TAG_Sitaux · tribute_sent a jugador 5 |
| 52:50 | TAG_Sitaux · tribute_sent a jugador 6 |
| 52:50 | TAG_Sitaux · tribute_sent a jugador 7 |
| 52:50 | TAG_Sitaux · tribute_sent a jugador 8 |
| 56:47 | TAG_Sitaux · first_building Stable |
| 57:18 | Shulk · tribute_sent a jugador 1 |
| 57:18 | Shulk · tribute_sent a jugador 2 |
| 57:18 | Shulk · tribute_sent a jugador 3 |
| 57:18 | Shulk · tribute_sent a jugador 4 |
| 57:18 | Shulk · tribute_sent a jugador 6 |
| 57:18 | Shulk · tribute_sent a jugador 7 |
| 57:18 | Shulk · tribute_sent a jugador 8 |
| 57:22 | TAG_Sitaux · tribute_sent a jugador 2 |
| 57:22 | TAG_Sitaux · tribute_sent a jugador 3 |
| 57:22 | TAG_Sitaux · tribute_sent a jugador 4 |
| 57:22 | TAG_Sitaux · tribute_sent a jugador 5 |
| 57:22 | TAG_Sitaux · tribute_sent a jugador 6 |
| 57:22 | TAG_Sitaux · tribute_sent a jugador 7 |
| 57:22 | TAG_Sitaux · tribute_sent a jugador 8 |
| 58:00 | Tointoin · wall_segment Stone Wall x7 |
| 58:28 | Shulk · tribute_sent a jugador 1 |
| 58:28 | Shulk · tribute_sent a jugador 2 |
| 58:28 | Shulk · tribute_sent a jugador 3 |
| 58:28 | Shulk · tribute_sent a jugador 4 |
| 58:28 | Shulk · tribute_sent a jugador 6 |
| 58:28 | Shulk · tribute_sent a jugador 7 |
| 58:28 | Shulk · tribute_sent a jugador 8 |
| 59:07 | 北顾 · tribute_sent a jugador 1 |
| 59:07 | 北顾 · tribute_sent a jugador 3 |
| 59:07 | 北顾 · tribute_sent a jugador 4 |
| 59:07 | 北顾 · tribute_sent a jugador 5 |
| 59:07 | 北顾 · tribute_sent a jugador 6 |
| 59:07 | 北顾 · tribute_sent a jugador 7 |
| 59:07 | 北顾 · tribute_sent a jugador 8 |
| 59:18 | CC · tribute_sent a jugador 1 |
| 59:18 | CC · tribute_sent a jugador 2 |
| 59:18 | CC · tribute_sent a jugador 3 |
| 59:18 | CC · tribute_sent a jugador 4 |
| 59:18 | CC · tribute_sent a jugador 5 |
| 59:18 | CC · tribute_sent a jugador 6 |
| 59:18 | CC · tribute_sent a jugador 7 |
| 62:19 | 北顾 · tribute_sent a jugador 1 |
| 62:19 | 北顾 · tribute_sent a jugador 3 |
| 62:19 | 北顾 · tribute_sent a jugador 4 |
| 62:19 | 北顾 · tribute_sent a jugador 5 |
| 62:19 | 北顾 · tribute_sent a jugador 6 |
| 62:19 | 北顾 · tribute_sent a jugador 7 |
| 62:19 | 北顾 · tribute_sent a jugador 8 |
| 62:42 | 北顾 · wall_segment Stone Wall x12 |
| 63:04 | Tointoin · age_up imperial |
| 64:44 | 北顾 · tribute_sent a jugador 1 |
| 64:44 | 北顾 · tribute_sent a jugador 3 |
| 64:44 | 北顾 · tribute_sent a jugador 4 |
| 64:44 | 北顾 · tribute_sent a jugador 5 |
| 64:44 | 北顾 · tribute_sent a jugador 6 |
| 64:44 | 北顾 · tribute_sent a jugador 7 |
| 64:44 | 北顾 · tribute_sent a jugador 8 |
| 66:19 | Shulk · tribute_sent a jugador 1 |
| 66:19 | Shulk · tribute_sent a jugador 2 |
| 66:19 | Shulk · tribute_sent a jugador 3 |
| 66:19 | Shulk · tribute_sent a jugador 4 |
| 66:19 | Shulk · tribute_sent a jugador 6 |
| 66:19 | Shulk · tribute_sent a jugador 7 |
| 66:19 | Shulk · tribute_sent a jugador 8 |
| 67:45 | 北顾 · tribute_sent a jugador 1 |
| 67:45 | 北顾 · tribute_sent a jugador 3 |
| 67:45 | 北顾 · tribute_sent a jugador 4 |
| 67:45 | 北顾 · tribute_sent a jugador 5 |
| 67:45 | 北顾 · tribute_sent a jugador 6 |
| 67:45 | 北顾 · tribute_sent a jugador 7 |
| 67:45 | 北顾 · tribute_sent a jugador 8 |
| 68:51 | 北顾 · tribute_sent a jugador 1 |
| 68:51 | 北顾 · tribute_sent a jugador 3 |
| 68:51 | 北顾 · tribute_sent a jugador 4 |
| 68:51 | 北顾 · tribute_sent a jugador 5 |
| 68:51 | 北顾 · tribute_sent a jugador 6 |
| 68:51 | 北顾 · tribute_sent a jugador 7 |
| 68:51 | 北顾 · tribute_sent a jugador 8 |
| 68:57 | Tointoin · wall_segment Stone Wall x1 |
| 70:36 | 北顾 · tribute_sent a jugador 1 |
| 70:36 | 北顾 · tribute_sent a jugador 3 |
| 70:36 | 北顾 · tribute_sent a jugador 4 |
| 70:36 | 北顾 · tribute_sent a jugador 5 |
| 70:36 | 北顾 · tribute_sent a jugador 6 |
| 70:36 | 北顾 · tribute_sent a jugador 7 |
| 70:36 | 北顾 · tribute_sent a jugador 8 |
| 70:42 | TL_Bad Koala · tribute_sent a jugador 1 |
| 70:42 | TL_Bad Koala · tribute_sent a jugador 2 |
| 70:42 | TL_Bad Koala · tribute_sent a jugador 3 |
| 70:42 | TL_Bad Koala · tribute_sent a jugador 5 |
| 70:42 | TL_Bad Koala · tribute_sent a jugador 6 |
| 70:42 | TL_Bad Koala · tribute_sent a jugador 7 |
| 70:42 | TL_Bad Koala · tribute_sent a jugador 8 |
| 71:41 | Shulk · wall_segment Stone Wall x7 |
| 71:43 | Shulk · wall_segment Stone Wall x3 |
| 71:45 | 北顾 · tribute_sent a jugador 1 |
| 71:45 | 北顾 · tribute_sent a jugador 3 |
| 71:45 | 北顾 · tribute_sent a jugador 4 |
| 71:45 | 北顾 · tribute_sent a jugador 5 |
| 71:45 | 北顾 · tribute_sent a jugador 6 |
| 71:45 | 北顾 · tribute_sent a jugador 7 |
| 71:45 | 北顾 · tribute_sent a jugador 8 |
| 71:56 | Shulk · wall_segment Stone Wall x1 |
| 71:57 | Shulk · wall_segment Stone Wall x1 |
| 73:12 | TL_Bad Koala · tribute_sent a jugador 1 |
| 73:12 | TL_Bad Koala · tribute_sent a jugador 2 |
| 73:12 | TL_Bad Koala · tribute_sent a jugador 3 |
| 73:12 | TL_Bad Koala · tribute_sent a jugador 5 |
| 73:12 | TL_Bad Koala · tribute_sent a jugador 6 |
| 73:12 | TL_Bad Koala · tribute_sent a jugador 7 |
| 73:12 | TL_Bad Koala · tribute_sent a jugador 8 |
| 75:51 | Shulk · resign |
[ ANÁLISIS IA · 1 CRÉDITO ]
¿Qué pasó realmente en esta partida?
Wolo.gg analiza cada decisión: build order, eco, micro, errores típicos por bracket. Análisis personalizado por WhatsApp o Discord en 30 segundos.
Guía civ
Sarracenos
Perfil
Tointoin